 Dungeon Crawl Stone Soup version 0.29.1-12-g30fa7ad0bf (webtiles) character file.

Game seed: 6252975330194449500

102770 Ubergnu the Peltast (level 15, -17/132 HPs)
             Began as a Minotaur Berserker on Dec 14, 2022.
             Was an Elder of Trog.
             Demolished by an azure jelly (29 damage)
             ... on level 4 of the Pits of Slime on Dec 15, 2022.
             The game lasted 02:36:58 (21144 turns).

Ubergnu the Peltast (Minotaur Berserker)           Turns: 21144, Time: 02:36:59

Health: -17/132    AC: 25    Str: 28    XL:     15   Next: 87%
Magic:  15/15      EV: 13    Int:  2    God:    Trog [****..]
Gold:   1127       SH: 24    Dex: 14    Spells: 14/14 levels left

rFire   . . .      SeeInvis .   a - +7 double sword (flame)
rCold   . . .      Faith    .   w - +4 tower shield
rNeg    . . .      Spirit   .   l - +3 plate armour
rPois   +          Reflect  .   m - +2 hat
rElec   .          Harm     .   (no cloak)
rCorr   +          Rampage  .   L - +2 pair of gloves {Dex+3}
Will    +....      Rage     3%  c - +0 pair of boots
Stlth   ..........              T - amulet of regeneration
HPRegen 1.92/turn               h - ring of resist corrosion
MPRegen 0.14/turn               v - +4 ring of evasion

@: on berserk cooldown, slowed, invisible, very slow
A: horns 2, retaliatory headbutt, berserk 1, dopey 1, high MP 1, poison
resistance, regeneration 1, no potion heal 1, subdued magic 1
a: Renounce Religion, Berserk, Trog's Hand, Brothers in Arms


You were on level 4 of the Pits of Slime.
You worshipped Trog.
Trog was greatly pleased with you.
You visited 6 branches of the dungeon, and saw 22 of its levels.
You also visited: Bailey.

You collected 1127 gold pieces.

Inventory:

Hand Weapons
 a - a +7 double sword of flaming (weapon)
 b - a +2 sling of freezing
 e - a +2 arbalest of flaming
 A - a +3 vorpal long sword
 I - a +4 demon blade
Missiles
 x - 31 poisoned darts (quivered)
Armour
 c - a +0 pair of boots (worn)
 f - the +1 robe of the Butcher {Dex+3}
   (You found it on level 5 of the Dungeon)

   Dex:       It affects your dexterity (+3).
 l - a +3 plate armour (worn)
 m - a +2 hat (worn)
 w - a +4 tower shield (worn)
 L - a +2 pair of gloves of dexterity (worn)
Jewellery
 d - a +4 ring of evasion
 h - a ring of resist corrosion (left hand)
 v - a +4 ring of evasion (right hand)
 G - a ring of magical power
 N - a ring of see invisible
 Q - a ring of ice
 S - a ring of protection from fire
 T - an amulet of regeneration (around neck)
Wands
 n - a wand of paralysis (14)
 y - a wand of flame (52)
 M - a wand of mindburst (13)
 R - a wand of roots (14)
 U - a wand of digging (12)
Scrolls
 o - 3 scrolls of teleportation
 p - 3 scrolls of blinking
 r - 2 scrolls of fear {unknown}
 s - 2 scrolls of immolation
 D - 3 scrolls of torment {unknown}
 H - 2 scrolls of brand weapon
 J - 2 scrolls of butterflies
 K - 2 scrolls of summoning
 W - 2 scrolls of poison {unknown}
Potions
 g - 5 potions of berserk rage
 i - 4 potions of cancellation
 j - 4 potions of curing
 q - a potion of ambrosia
 t - a potion of brilliance
 u - 4 potions of flight
 z - 2 potions of haste
 C - 3 potions of degeneration
 E - 2 potions of might
 O - a potion of invisibility
 Y - 3 potions of lignification


   Skills:
 + Level 11.9 Fighting
 + Level 2.7(10.1) Short Blades
 + Level 16.2(16.3) Long Blades
 + Level 5.1 Axes
 + Level 1.6 Ranged Weapons
 + Level 11.4 Throwing
 + Level 11.6 Armour
 + Level 6.1 Dodging
 + Level 1.3 Stealth
 + Level 17.5 Shields
 + Level 1.1 Evocations


You had 14 spell levels left.
You didn't know any spells.
Your spell library contained the following spells:

 Spells                   Type           Power      Damage    Failure   Level
 Sublimation of Blood     Necr           0%         N/A       100%        2
 Wereblood                Tmut           0%         N/A       100%        2
 Olgreb's Toxic Radiance  Pois           0%         N/A       100%        4
 Blade Hands              Tmut           0%         N/A       100%        5
 Irradiate                Conj/Tmut      0%         3d11      100%        5
 Dragon Form              Tmut           0%         N/A       100%        7
 Malign Gateway           Summ/Tloc      0%         N/A       100%        7
 Ozocubu's Refrigeration  Ice            0%         4d7       100%        7
 Summon Hydra             Summ           0%         N/A       100%        7
 Ignition                 Fire           0%         3d3       100%        8
 Summon Horrible Things   Summ           0%         N/A       100%        8


Dungeon Overview and Level Annotations

Branches:
Dungeon (11/15)            Temple (0/1) D:7            Lair (4/5) D:11
 Shoals (1/4) Lair:2        Snake (1/4) Lair:2        Slime (4/5) Lair:4
    Orc (1/2) D:10         Bailey (visited)

Altars:
Cheibriados
Fedhas
Gozag
Okawaru
Qazlal
Sif Muna
Xom
The Shining One
Jiyva

Shops:
D:9 =   Shoals:1 *


Innate Abilities, Weirdness & Mutations

You have a pair of horns on your head.
You reflexively headbutt those who attack you in melee.
You sometimes lose your temper in combat.
You are dopey. (Int -2)
You have an increased reservoir of magic. (+10% MP)
Your system is resistant to poisons. (rPois)
Your natural rate of healing is unusually fast.
Potions are less effective at restoring your health.
Your spells are a little easier to cast, but a little less powerful.


Message History

You are more confused.
The azure jelly hits you but does no damage. x2
The azure jelly misses you. The azure jelly closely misses you.
The large slime creature hits you but does no damage.
The golden eye blinks at you.
You are more confused.
The azure jelly hits you but does no damage. x4
A large slime creature splits.
It was a potion of invisibility.
You fade into invisibility!
The golden eye blinks at you.
You are more confused.
The azure jelly closely misses you.
The azure jelly hits you but does no damage.
The azure jelly barely misses you. The azure jelly closely misses you.
The golden eye blinks at you. The slime creature misses you.
The slime creature completely misses you.
The azure jelly hits you but does no damage.
The azure jelly barely misses you. The azure jelly hits you.
* * * LOW HITPOINT WARNING * * *
The azure jelly barely misses you.
You closely miss the slime creature.
The slime creature is lightly wounded.
The slime creature hits you.
* * * LOW HITPOINT WARNING * * *
The slime creature misses you.
The azure jelly hits you but does no damage. x3
The azure jelly closely misses you.
Your system partially rejects the healing.
You feel better. You block the azure jelly's attack.
The azure jelly closely misses you. You block the azure jelly's attack.
The azure jelly hits you but does no damage.
The slime creature barely misses you. You furiously retaliate!
You headbutt the slime creature. You block the slime creature's attack.
The golden eye blinks at you. The azure jelly hits you.
* * * LOW HITPOINT WARNING * * *
The azure jelly freezes you!!
You die...

...#####.#### .
##..#.##...#.## .. #
#......##.....##.#.
#.## #.....##..<.......
....##..#...##.......#.
.((........##....##^.#
..#..............## ...
#....GJ..........# .
..#...J@..^......##
....>..J...##....##
.#..........#.....#
.......##........##
..................#
......>..............#
............#.#.......
.......##.#.###.......
..... ##... ...#...


You could see an azure jelly, 2 slime creatures and a golden eye.

Vanquished Creatures
  5 acid blobs
  Gastronok (Lair:2)
  Kirke (Shoals:1)
  3 azure jellies
  A rockslime (Slime:1)
  3 quicksilver oozes (Slime:2)
  Fannar (Lair:2)
  2 hydras (Lair:2)
  2 merfolk avatars (Shoals:1)
  3 anacondas (Snake:1)
  3 two-headed ogres
  A dancing weapon (D:8)
  A naga warrior (Snake:1)
  A centaur warrior (Shoals:1)
  The ghost of DoIIoM the Summoner, a novice OpSu of Vehumet (D:8)
  A naga sharpshooter (Snake:1)
  A shock serpent (Snake:1)
  A sea snake (Shoals:1)
  A naga ritualist (Snake:1)
  5 harpies (Shoals:1)
  Pikel (D:5)
  4 mana vipers (Snake:1)
  3 manticores (Shoals:1)
  An orc sorcerer (D:10)
  2 shining eyes (Slime:2)
  3 salamanders (Snake:1)
  5 fauns (Shoals:1)
  6 elephants
  A guardian serpent (Snake:1)
  4 molten gargoyles (D:10)
  5 naga magi (Snake:1)
  2 water nymphs (Shoals:1)
  An eye of devastation (Slime:4)
  10 black mambas
  8 cane toads
  4 komodo dragons
  2 rime drakes (Lair:2)
  2 trolls (D:11)
  A queen bee (Lair:2)
  3 polar bears
  A wind drake (Shoals:1)
  6 blink frogs
  13 slime creatures
  4 merfolk (Shoals:1)
  A snapping turtle (Shoals:1)
  A shadow (D:9)
  4 spriggans (Bailey)
  2 water elementals (Shoals:1)
  3 wyverns
  5 hogs (Shoals:1)
  7 golden eyes
  30 yaks
  A basilisk (Lair:3)
  A steam dragon (Bailey)
  2 swamp worms (Lair:2)
  14 nagas (Snake:1)
  9 water moccasins
  4 black bears
  5 orc warriors
  45 wolves
  8 ogres
  4 boggarts (Lair:3)
  A centaur (D:11)
  3 phantoms
  A lemure (D:5)
  4 kobold brigands
  14 bullfrogs
  A gnoll sergeant (D:8)
  2 scorpions
  A wight (D:6)
  30 killer bees
  2 electric eels (Lair:2)
  2 howler monkeys
  A lava snake (D:10)
  2 hounds
  10 orc priests
  3 jellies
  2 gnoll boudas
  2 iguanas
  11 orc wizards
  12 gnolls
  10 adders
  A shadow imp (D:6)
  A white imp (D:5)
  3 ufetubi
  3 worms
  4 dart slugs
  29 orcs
  6 endoplasms
  3 giant cockroaches
  12 goblins
  6 hobgoblins
  27 kobolds
  6 quokkas
  5 ball pythons
  2 bats
  3 frilled lizards
  9 rats
  2 butterflies (Lair:2)
512 creatures vanquished.

Vanquished Creatures (collateral kills)
  A manticore (D:10)
1 creature vanquished.

Vanquished Creatures (others)
  A merfolk (Shoals:1)
  43 fungi
  55 plants
99 creatures vanquished.

Grand Total: 612 creatures vanquished

Notes
Turn   | Place    | Note
-------+----------+-------------------------------------------
     0 | D:1      | Ubergnu the Minotaur Berserker began the quest for the Orb.
     0 | D:1      | Reached XP level 1. HP: 19/19 MP: 0/0
   475 | D:1      | Reached XP level 2. HP: 27/27 MP: 1/1
   959 | D:1      | Reached ** piety under Trog
   960 | D:1      | Reached XP level 3. HP: 33/33 MP: 2/2
  1269 | D:2      | Found a shimmering altar of Xom.
  1976 | D:2      | Reached XP level 4. HP: 41/41 MP: 3/3
  2075 | D:3      | Noticed a scorpion
  2076 | D:3      | Reached skill level 1 in Short Blades
  2076 | D:3      | Reached skill level 5 in Axes
  2238 | D:3      | Found a faded altar of an unknown god.
  2419 | D:3      | Reached XP level 5. HP: 47/47 MP: 4/4
  2436 | D:3      | Reached *** piety under Trog
  2565 | D:3      | Reached skill level 1 in Shields
  2627 | D:3      | Reached skill level 2 in Shields
  2627 | D:3      | Reached XP level 6. HP: 39/53 MP: 5/5
  3250 | D:4      | Reached skill level 1 in Throwing
  3306 | D:4      | Gained mutation: You are somewhat resistant to further
                  | mutation. [potion of mutation]
  3315 | D:4      | Reached skill level 3 in Shields
  3487 | D:4      | Reached XP level 7. HP: 57/60 MP: 6/6
  4372 | D:5      | Entered Level 5 of the Dungeon
  4390 | D:5      | Reached skill level 5 in Armour
  4593 | D:5      | Reached skill level 1 in Long Blades
  4593 | D:5      | Reached skill level 4 in Shields
  4754 | D:5      | Noticed Pikel
  4768 | D:5      | Killed Pikel
  4769 | D:5      | Reached skill level 5 in Fighting
  4769 | D:5      | Reached skill level 5 in Shields
  4769 | D:5      | Reached XP level 8. HP: 68/68 MP: 7/7
  4932 | D:5      | Identified the +1 robe of the Butcher {Dex+3}
  5073 | D:5      | Lost mutation: You are somewhat resistant to further
                  | mutation. [potion of mutation]
  5073 | D:5      | Gained mutation: You are partially covered in iridescent
                  | scales. (AC +2) [potion of mutation]
  5073 | D:5      | Gained mutation: You are agile. (Dex +4, Str/Int -1)
                  | [potion of mutation]
  5073 | D:5      | Gained mutation: You occasionally lose the ability to read
                  | scrolls when taking damage. [potion of mutation]
  5074 | D:5      | Lost mutation: You are agile. (Dex +4, Str/Int -1) [potion
                  | of mutation]
  5074 | D:5      | Lost mutation: You occasionally lose the ability to read
                  | scrolls when taking damage. [potion of mutation]
  5074 | D:5      | Gained mutation: You are mostly covered in iridescent
                  | scales. (AC +4) [potion of mutation]
  5207 | D:5      | Reached **** piety under Trog
  5287 | D:6      | Reached skill level 5 in Long Blades
  5977 | D:6      | Found a shimmering blue altar of Sif Muna.
  6023 | D:6      | Found a shimmering altar of Xom.
  6035 | D:6      | Reached skill level 6 in Shields
  6049 | D:6      | Reached XP level 9. HP: 72/75 MP: 8/8
  6481 | D:7      | Found a flagged portal.
  6507 | D:7      | Reached skill level 7 in Shields
  6531 | Bailey   | Entered a bailey
  6908 | Bailey   | Reached skill level 8 in Shields
  7020 | Bailey   | Noticed a two-headed ogre
  7034 | Bailey   | Killed a two-headed ogre
  7135 | Bailey   | Reached XP level 10. HP: 62/84 MP: 9/9
  7159 | Bailey   | Reached skill level 9 in Shields
  7571 | D:7      | Found a staircase to the Ecumenical Temple.
  8305 | D:8      | Reached skill level 5 in Throwing
  8711 | D:8      | Found a blossoming altar of Fedhas.
  8717 | D:8      | Found a snail-covered altar of Cheibriados.
  8721 | D:8      | Found an iron altar of Okawaru.
  8722 | D:8      | Found a glowing golden altar of the Shining One.
  8729 | D:8      | Found an opulent altar of Gozag.
  8752 | D:8      | Found a runed translucent door.
  8753 | D:8      | Found a shimmering altar of Xom.
  8753 | D:8      | Noticed DoIIoM's ghost (novice OpSu)
  8753 | D:8      | Noticed a +0 scimitar of chaos
  9130 | D:8      | Reached skill level 1 in Stealth
  9382 | D:8      | Killed a +0 scimitar of chaos
  9383 | D:8      | Reached skill level 10 in Shields
  9405 | D:8      | Killed DoIIoM's ghost
  9764 | D:9      | Found a stormy altar of Qazlal.
 10213 | D:9      | Reached skill level 11 in Shields
 10218 | D:9      | Reached ***** piety under Trog
 10412 | D:9      | Found Firat's Jewellery Shop.
 10692 | D:10     | Entered Level 10 of the Dungeon
 10818 | D:10     | Noticed a molten gargoyle
 10827 | D:10     | Killed a molten gargoyle
 10911 | D:10     | Noticed a manticore
 10923 | D:10     | Killed a manticore
 10924 | D:10     | Reached XP level 11. HP: 86/92 MP: 10/10
 11038 | D:10     | Noticed a two-headed ogre
 11048 | D:10     | Killed a two-headed ogre
 11049 | D:10     | Reached skill level 10 in Long Blades
 11773 | D:10     | Found a staircase to the Orcish Mines.
 11824 | D:10     | You fall into a shaft and drop 1 floor!
 12527 | Orc:1    | Entered Level 1 of the Orcish Mines
 12527 | Orc:1    | Noticed an orc sorcerer
 12542 | D:10     | Killed an orc sorcerer
 12906 | D:11     | Found a staircase to the Lair.
 12996 | D:11     | Noticed a two-headed ogre
 13010 | D:11     | Killed a two-headed ogre
 13011 | D:11     | Reached skill level 12 in Shields
 13064 | Lair:1   | Entered Level 1 of the Lair of Beasts
 13371 | Lair:1   | Received a gift from Trog
 13441 | Lair:1   | Reached XP level 12. HP: 90/101 MP: 11/11
 13445 | Lair:1   | Reached skill level 13 in Shields
 14761 | Lair:2   | Reached skill level 14 in Shields
 15105 | Lair:2   | Noticed a five-headed hydra
 15109 | Lair:2   | Received a gift from Trog
 15125 | Lair:2   | Killed a one-headed hydra
 15365 | Lair:2   | Noticed Gastronok
 15381 | Lair:2   | Killed Gastronok
 15430 | Lair:2   | Found a staircase to the Snake Pit.
 15455 | Snake:1  | Entered Level 1 of the Snake Pit
 15570 | Lair:2   | Noticed an eight-headed hydra
 15582 | Lair:2   | Killed a six-headed hydra
 15650 | Lair:2   | Found a staircase to the Shoals.
 15727 | Snake:1  | Noticed an anaconda
 15738 | Snake:1  | Reached XP level 13. HP: 111/111 MP: 12/12
 15768 | Snake:1  | Reached skill level 10 in Armour
 15877 | Snake:1  | Reached skill level 15 in Shields
 16614 | Snake:1  | Reached skill level 10 in Fighting
 16965 | Shoals:1 | Entered Level 1 of the Shoals
 17162 | Shoals:1 | Found Fifonk's General Store.
 17460 | Shoals:1 | Reached skill level 10 in Throwing
 17460 | Shoals:1 | Reached skill level 16 in Shields
 17504 | Shoals:1 | Reached XP level 14. HP: 116/122 MP: 13/13
 17538 | Shoals:1 | Noticed Kirke
 17588 | Shoals:1 | Killed Kirke
 18097 | Lair:2   | You fall into a shaft and drop 1 floor!
 18124 | Lair:2   | Noticed Fannar
 18138 | Lair:2   | Killed Fannar
 18893 | Lair:3   | Reached skill level 15 in Long Blades
 18893 | Lair:3   | Reached XP level 15. HP: 129/129 MP: 14/14
 19331 | Lair:3   | Lost mutation: You are mostly covered in iridescent scales.
                  | (AC +4) [potion of mutation]
 19331 | Lair:3   | Lost mutation: You are partially covered in iridescent
                  | scales. (AC +2) [potion of mutation]
 19331 | Lair:3   | Gained mutation: Your spells are a little easier to cast,
                  | but a little less powerful. [potion of mutation]
 19331 | Lair:3   | Gained mutation: Your natural rate of healing is unusually
                  | fast. [potion of mutation]
 19331 | Lair:3   | Gained mutation: You have an increased reservoir of magic.
                  | (+10% MP) [potion of mutation]
 19440 | Lair:4   | Received a gift from Trog
 19491 | Lair:4   | Reached skill level 1 in Ranged Weapons
 19653 | Lair:4   | Found a runed translucent door.
 19654 | Lair:4   | Found a viscous altar of Jiyva.
 19656 | Lair:4   | Found a staircase to the Slime Pits.
 19656 | Lair:4   | Noticed an acid blob
 19693 | Lair:4   | Killed an acid blob
 19694 | Lair:4   | Reached skill level 17 in Shields
 19758 | Slime:1  | Entered Level 1 of the Pits of Slime
 19758 | Slime:1  | Noticed an azure jelly
 19758 | Slime:1  | Noticed a rockslime
 19769 | Slime:1  | Killed a rockslime
 19775 | Slime:1  | Killed an azure jelly
 19821 | Slime:1  | Noticed an acid blob
 19827 | Slime:1  | Killed an acid blob
 19970 | Slime:2  | Gained mutation: Your system is resistant to poisons.
                  | (rPois) [a shining eye]
 19972 | Slime:2  | Gained mutation: Potions are less effective at restoring
                  | your health. [a shining eye]
 19974 | Slime:2  | Gained mutation: You are dopey. (Int -2) [a shining eye]
 19981 | Slime:2  | Gained mutation: You sometimes lose your temper in combat.
                  | [a shining eye]
 19982 | Slime:2  | Reached skill level 1 in Evocations
 20048 | Slime:2  | Noticed an azure jelly
 20050 | Slime:2  | Noticed an acid blob
 20068 | Slime:2  | Killed an acid blob
 20121 | Slime:3  | Killed an azure jelly
 20193 | Slime:2  | Noticed an azure jelly
 20199 | Slime:2  | Killed an azure jelly
 20213 | Slime:2  | You fall into a shaft and drop 2 floors!
 20765 | Slime:3  | Noticed an acid blob
 20776 | Slime:3  | Killed an acid blob
 21113 | Slime:4  | Noticed an acid blob
 21125 | Slime:4  | Noticed an azure jelly
 21130 | Slime:4  | Killed an acid blob
 21137 | Slime:4  | HP: 5/198 [azure jelly (7)]
 21144 | Slime:4  | Demolished by an azure jelly

Illustrated notes

Levels and vault maps discovered:
D:1:      evilmike_arrival_plus, layout_loops_ring
D:2:      layout_basic, basic_altar, hangedman_feature_mirror, nicolae_wormholes
D:3:      layout_rooms, hellmonk_ecumenical_altar_crossroads,
          grunt_decor_mini_mirrors
D:4:      layout_cave_pools, minmay_fractal_squares_gapless_5
D:5:      layout_basic, uniq_pikel
D:6:      layout_cave_pools, xom_confusion_cloud, lemuel_blue_sif_altar
D:7:      layout_loops_corners, minmay_temple_entry_mini_moons, enter_bailey_5
D:8:      layout_basic, nicolae_overflow_hallway_of_the_gods, ebering_ghost_xom
D:9:      layout_long_grid, mainiacjoe_overflow_catwalk, serial_shops, shop
D:10:     layout_rooms, orc_0_dummy, minmay_misc_feat_five, minivault_8
D:11:     layout_basic, due_lair_maze_entry_diamond
Lair:1:   layout_chaotic_city, grunt_forest_large_clearings
Lair:2:   layout_roguey [special_room_bee], shoals_dummy_entry,
          dummy_snake_entry, worms_lemuel, infiniplex_staircase_pool,
          lemuel_fruit_fields, lemuel_fruit_fields, serial_bayou_shore_a,
          lemuel_fruit_fields, lemuel_fruit_tree, uniq_fannar, uniq_gastronok
Lair:3:   layout_roguey, kilobyte_rumbling_trees, infiniplex_staircase_pool_2,
          serial_bayou_shore_b, grunt_megastairs_4
Lair:4:   layout_misc_corridors, slime_entry_2, enter_volcano_3
Shoals:1: layout_shoals, serial_shops, shop_statue, uniq_kirke
Snake:1:  layout_rooms, nicolae_large_snake_swirl
Slime:1:  layout_caves
Slime:2:  layout_caves
Slime:3:  layout_caves
Slime:4:  layout_caves
Orc:1:    layout_caves, serial_shops, nicolae_shop_waterfront

Skill      XL: |  1  2  3  4  5  6  7  8  9 10 11 12 13 14 15 |
---------------+----------------------------------------------+-----
Axes           | 4 5 |  5.1
Fighting       | 4 5 6 7 8 9 10 11 | 11.9
Short Blades   | 1 2 |  2.7
Armour         | 3 4 5 6 7 8 9 10 11 | 11.6
Dodging        | 3 4 6 |  6.1
Shields        | 2 3 5 6 8 11 12 14 16 17 | 17.5
Throwing       | 1 2 4 5 7 8 10 11 | 11.4
Long Blades    | 4 6 8 9 11 13 14 15 16 | 16.2
Stealth        | 1 |  1.3
Ranged Weapons | 1 |  1.6
Evocations     | 1 |  1.1

Action                   |  1- 3 |  4- 6 |  7- 9 | 10-12 | 13-15 || total
-------------------------+-------+-------+-------+-------+-------++-------
Melee: Hand axe          |    49 |       |       |       |       ||    49
       Headbutt          |    10 |    25 |    43 |   119 |   118 ||   315
       Short sword       |    51 |   105 |       |       |       ||   156
       Punch             |       |     1 |       |       |       ||     1
       Long sword        |       |    15 |   257 |   526 |       ||   798
       Double sword      |       |       |       |   202 |   499 ||   701
 Fire: Sling             |       |       |       |       |     4 ||     4
Throw: Boomerang         |       |    22 |    50 |   178 |   254 ||   504
       Dart              |       |     1 |       |       |     7 ||     8
Invok: Berserk           |       |     3 |     8 |    15 |    10 ||    36
       Trog's Hand       |       |       |       |     2 |     6 ||     8
       Brothers in Arms  |       |       |       |     1 |       ||     1
Evoke: Wand              |       |       |       |     6 |     5 ||    11
  Use: Potion            |       |     2 |     2 |     2 |     8 ||    14
       Scroll            |       |       |    16 |     9 |     7 ||    32
Armor: Leather armour    |    12 |       |       |       |       ||    12
       Chain mail        |    19 |    51 |    21 |       |       ||    91
       Plate armour      |       |       |    72 |   211 |   186 ||   469
Dodge: Dodged            |    52 |    44 |    74 |   150 |   160 ||   480
Block: Tower shield      |       |    62 |   264 |   757 |   570 ||  1653
